 Dungeon Crawl Stone Soup version 0.31-a0-187-gba352fbbf7 (webtiles) character file.

Game seed: 9147303988836088158

120 qw the Skirmisher (level 4, -1/25 HPs)
             Began as a Deep Elf Hunter on June 22, 2023.
             Succumbed to Jessica's poison
             ... on level 3 of the Dungeon.
             The game lasted 00:00:53 (2055 turns).

qw the Skirmisher (Deep Elf Hunter)                 Turns: 2055, Time: 00:00:53

Health: -1/25      AC:  0    Str: 10    XL:     4   Next: 75%
Magic:  1/6        EV: 20    Int: 14    God:
Gold:   127        SH:  0    Dex: 23    Spells: 3/3 levels left

rFire   . . .        Y - melded +1 shortbow
rCold   . . .        (shield currently unavailable)
rNeg    . . .        j - melded +0 scale mail
rPois   .            f - melded +2 helmet
rElec   .            (cloak currently unavailable)
rCorr   .            (gloves currently unavailable)
SInv    .            (boots currently unavailable)
Will    .....        d - amulet of guardian spirit
Stlth   ++           (ring currently unavailable)
HPRegen 0.24/turn    (ring currently unavailable)
MPRegen 0.10/turn

%: guardian spirit
@: lethally poisoned (-1 -> -14), about to teleport, bat-form, flying, very
quick
A: fast, flying, no casting, tiny
a: no special abilities


You were on level 3 of the Dungeon.
You were a bat.
You visited 1 branch of the dungeon, and saw 3 of its levels.

You collected 127 gold pieces.


   Skills:
 - Level 1.5 Fighting
 + Level 8.2 Ranged Weapons
 - Level 2.4 Dodging
 - Level 1.2 Stealth


You had 3 spell levels left.
You didn't know any spells.
Your spell library was empty.

Inventory:

Hand Weapons
 Y - a +1 shortbow (melded)
Armour
 a - a +0 pair of boots
 f - a +2 helmet (melded)
 j - a +0 scale mail (melded)
Jewellery
 d - an amulet of guardian spirit (around neck)
Scrolls
 b - a scroll of summoning {unknown}
 g - 2 scrolls of identify
Potions
 i - a potion of resistance

Dungeon Overview and Level Annotations

Branches:
Dungeon (3/15)

Altars:
Ru

Annotations:
D:3 Jessica


Message History

Jessica is heavily wounded.
You feel very sick.
Jessica mumbles some strange words.
Jessica blinks!
You shoot an arrow. The arrow barely misses Jessica.
You feel sick.
Jessica zaps a wand.
You turn into a bat.
Your +1 shortbow melds into your body.
Your +2 helmet melds into your body.
Your +0 scale mail melds into your body.
Jessica grins evilly.
You feel sick.
You feel sick.
You hit Jessica but do no damage.
Jessica is heavily wounded.
You feel sick.
You hit Jessica but do no damage.
Jessica is heavily wounded.
You feel sick.
Jessica casts a spell.
Jessica seems to speed up.
You barely miss Jessica.
Jessica is heavily wounded.
You feel sick.
You are no longer poisoned.
Jessica hits you with a +2 dagger of venom. x2
You are lethally poisoned!
You hit Jessica.
Jessica is heavily wounded.
You feel sick. Jessica misses you.
2053 ||| READING scroll of teleportation.
As you read the scroll of teleportation, it crumbles to dust.
You feel strangely unstable.
You feel sick. Jessica misses you. Jessica completely misses you.
You hit Jessica.
Jessica is severely wounded.
You feel sick.
Jessica hits you with a +2 dagger of venom.
You are more poisoned.
You hit Jessica.
Jessica is severely wounded.
You die...

#..¤~_¤¤¤..[.>...##
#.¤~~¤¤¤¤.#####.#
#.¤~~~¤¤¤.# #.#
#¤...(....# #.#
#.#..####.# #.##
#...## #.#####...
#%### #.......#.
#@# #######... #b#
##.# #..# #.# ##.#
#########.# $#
#.........# .#
#....######
.########.######
.##............#
.##.#####.####.#
#.# #.#.....


You could see Jessica (fast).

Vanquished Creatures
  A sleepcap (D:3)
  2 adders
  A worm (D:3)
  3 dart slugs
  3 orcs
  8 ball pythons
  2 endoplasms
  2 giant cockroaches
  4 goblins
  4 hobgoblins
  5 jackals (D:1)
  3 quokkas
  8 bats
  5 frilled lizards
  6 kobolds
  5 rats
62 creatures vanquished.

Notes
Turn   | Place    | Note
-------+----------+-------------------------------------------
     0 | D:1      | qw the Deep Elf Hunter began the quest for the Orb.
     0 | D:1      | Reached XP level 1. HP: 12/12 MP: 3/3
     0 | D:1      | 0 ||| qw: Version: 0.3-a-9-g12657ce
     0 | D:1      | 0 ||| qw: Game counter: 2709
     0 | D:1      | 0 ||| qw: Always use a shield: true
     0 | D:1      | 0 ||| qw: God list: Okawaru
     0 | D:1      | 0 ||| qw: Allow faded altars: false
     0 | D:1      | 0 ||| qw: Do Orc after D:15 true
     0 | D:1      | 0 ||| qw: Do second Lair branch before Depths: true
     0 | D:1      | 0 ||| qw: Lair rune preference: random
     0 | D:1      | 0 ||| qw: Plans: Normal
     0 | D:1      | 0 ||| PLANNING D:1-11
    50 | D:1      | Reached XP level 2. HP: 16/16 MP: 4/4
    57 | D:1      | Reached skill level 6 in Ranged Weapons
   249 | D:1      | Reached XP level 3. HP: 20/20 MP: 5/5
   526 | D:1      | 526 ||| UPGRADING to +2 helmet.
   531 | D:1      | 531 ||| UPGRADING to amulet of guardian spirit.
   792 | D:1      | 792 ||| READING scroll labelled PIVATWIACO.
   793 | D:1      | 793 ||| READING scroll labelled PIHOLE OMEOQIB.
   796 | D:1      | 796 ||| DROPPING scroll of butterflies.
   878 | D:2      | Reached skill level 7 in Ranged Weapons
  1331 | D:2      | 1331 ||| UPGRADING to +0 scale mail.
  1341 | D:2      | 1341 ||| DROPPING +0 leather armour.
  1342 | D:2      | 1342 ||| READING scroll labelled YDODYV TUITS.
  1343 | D:2      | 1343 ||| READING scroll labelled NOGAONL VIDIJ.
  1344 | D:2      | 1344 ||| DRINKING 2 viscous orange potions.
  1381 | D:3      | HP: 4/20 [sleepcap (4)]
  1382 | D:3      | 1382 ||| READING scroll of teleportation.
  1517 | D:3      | Reached XP level 4. HP: 25/25 MP: 6/6
  1717 | D:3      | Reached skill level 8 in Ranged Weapons
  1863 | D:3      | 1863 ||| READING scroll labelled QORYIPP LIDI.
  1864 | D:3      | 1864 ||| READING scroll labelled QENEUB KUNIOFI.
  1865 | D:3      | 1865 ||| READING scroll labelled HEMNOT SEUHO.
  1866 | D:3      | 1866 ||| READING 3 scrolls of identify.
  1866 | D:3      | 1866 ||| IDENTIFYING fizzy blue potion
  1867 | D:3      | 1867 ||| DROPPING potion of lignification.
  1928 | D:3      | Found a faded altar of an unknown god.
  2024 | D:3      | Found a sacrificial altar of Ru.
  2043 | D:3      | Noticed Jessica
  2052 | D:3      | HP: 5/25 [poisoned by Jessica]
  2053 | D:3      | 2053 ||| READING scroll of teleportation.
  2054 | D:3      | HP: 2/25 [poisoned by Jessica]
  2055 | D:3      | Succumbed to Jessica's poison

Levels and vault maps discovered:
D:1:      tekkud_arrival_beachfront_property, layout_loops_ring, serial_glass,
          glass_columns_c, glass_columns_a, minmay_strange_pillars,
          feat_on_display, feat_on_display, feat_on_display
D:2:      layout_rooms, minmay_misc_feat_five
D:3:      layout_loops_ring, general_overflow_altar,
          hellmonk_ecumenical_altar_crossroads, serial_bayou_pond_c,
          patterned_corridor, uniq_jessica

Skill      XL: |  1  2  3  4 |
---------------+-------------+-----
Ranged Weapons | 6 7 8 |  8.2
Fighting       | |  1.5
Dodging        | |  2.4
Stealth        | |  1.2

Action                     |  1- 3 |  4- 6 || total
---------------------------+-------+-------++-------
  Melee: Unarmed           |       |     6 ||     6
   Fire: Shortbow          |   139 |    51 ||   190
    Use: Scroll            |     5 |     5 ||    10
         Potion            |     1 |       ||     1
 Armour: Leather armour    |     5 |       ||     5
         Scale mail        |     9 |    19 ||    28
  Dodge: Dodged            |    28 |    21 ||    49

Table legend:
 A = Non-vault XP
 B = Vault XP
 C = Vault XP percentage of total XP
 D = Non-vault monster count
 E = Vault monster count
 F = Vault count percentage of total count
                 A         B        C        D         E       F
            +---------+---------+-------+---------+---------+-------
      Total |     172 |       0 |   0.0 |      62 |       0 |   0.0
            +---------+---------+-------+---------+---------+-------
        D:1 |      52 |       0 |   0.0 |      29 |       0 |   0.0
        D:2 |      38 |       0 |   0.0 |      16 |       0 |   0.0
        D:3 |      82 |       0 |   0.0 |      17 |       0 |   0.0
            +---------+---------+-------+---------+---------+-------
